groovejumper, neutral female human Wizard ----- -------------- |<@.. -..........$..| .f&.| ...l..| ----- | groovejumper the Thaumaturge Experience level: 7 Strength: 11 Dexterity: 15 Constitution: 14 Intelligence: 18 Wisdom: 10 Charisma: 9 Health: 0(44) Energy: 51(56) AC: 9 Gold: 45 Moves: 1852 Your Inventory: Coins $ - 45 gold pieces Weapons a - a blessed +2 quarterstaff (weapon in hands) Armor b - an uncursed +0 cloak of magic resistance (being worn) Comestibles y - an [uncursed] tripe ration M - an [uncursed] food ration Scrolls w - an uncursed scroll of genocide Spellbooks k - a blessed spellbook of force bolt l - an uncursed spellbook of detect unseen p - an [uncursed] spellbook of confuse monster t - an uncursed spellbook of magic missile u - an uncursed spellbook of haste self O - an [uncursed] orange spellbook [of wizard lock] Potions f - an uncursed potion of gain energy g - 2 uncursed potions of levitation h - an uncursed potion of speed q - a blessed potion of healing A - a blessed potion of confusion Rings d - an uncursed +1 ring of gain dexterity e - an uncursed +1 ring of adornment Wands c - an uncursed wand of undead turning (0:4) o - an uncursed wand of sleep (0:6) r - an uncursed wand of polymorph (0:4) B - an uncursed wand of striking (0:7) N - an [uncursed] mithril wand [of teleportation (0:7)] Tools n - an uncursed bell L - a [cursed magic] lamp Spells known in the end: Name Level Category Fail Memory a - force bolt 1 attack 0% [||||||||] b - detect unseen 3 divination 77% [||||||||] c - confuse monster 2 enchantment 0% [||||||||] d - magic missile 2 attack 0% [||||||||] e - haste self 3 escape 77% [||||||||] Your skills at the end: Fighting Skills Weapon Skills quarterstaff [Basic / Expert] Spellcasting Skills attack spells [Basic / Expert] enchantment spells [Basic / Skilled] Final Attributes: You were devoutly aligned. Hunger level was 173. Your alignment was 19 / 19. Monster difficulty range was 1 - 6. Level difficulty was 6. You were magic-protected. You were confused. Your luck was zero. You are dead. Vanquished creatures: 2 large mimics a leprechaun an orc shaman 4 elf zombies a giant ant a floating eye a homunculus 7 hill orcs an iguana a gas spore a hobgoblin 3 giant rats 2 cave spiders a yellow mold a green mold a red mold 2 gnomes a garter snake 2 geckos a jackal a fox a sewer rat 3 lichens 3 kobold zombies 6 newts 49 creatures vanquished. Voluntary challenges: You were an atheist. You used a wielded weapon 46 times. You read items or engraved 17 times. You put on armor 1 time. You never genocided any monsters. You never polymorphed an object. You never changed form. You used no wishes. You wrote Elbereth's name 5 times. You encountered 1 bones level. You never used any Sokoban shortcuts. Dungeon overview: The Dungeons of Doom: levels 1 to 6 Level 1 a long staircase Level 2 a fountain Level 3 a fountain stairs to The Gnomish Mines Level 4 a general store Level 5 a general store Level 6 <- You were here The Gnomish Mines: Level 4 stairs to The Dungeons of Doom History has recorded: On T:1 you entered the Dungeons of Doom to retrieve the Amulet of Yendor! On T:252 you reached level 2 of The Dungeons of Doom. On T:324 you advanced to experience level 2. On T:456 you advanced to experience level 3. On T:611 you reached level 3 of The Dungeons of Doom. On T:766 you advanced to experience level 4. On T:890 you reached level 1 of The Gnomish Mines. On T:929 you reached level 4 of The Dungeons of Doom. On T:1220 you advanced to experience level 5. On T:1345 you reached level 5 of The Dungeons of Doom. On T:1427 you advanced to experience level 6. On T:1780 you advanced to experience level 7. On T:1846 you reached level 6 of The Dungeons of Doom. Latest messages: Taro misses the homunculus. The homunculus bites! Taro bites the homunculus. The homunculus misses Taro. [HP-2=42] You kill the homunculus! You see here a homunculus corpse. g - an uncursed potion of levitation. [HP+1=43] O - an orange spellbook. Yeenoghu hits! (3x) Yeenoghu casts a spell at you! You are hit by a shower of missiles! The missiles bounce off! [HP-14=29] Yeenoghu hits! (2x) You are getting confused. Yeenoghu hits! Yeenoghu points at you, then curses. [HP-9=20] Yeenoghu hits! (3x) Yeenoghu points at you, then curses. Yeenoghu hits! You die... Final status: Goodbye groovejumper the Wizard... You died in The Dungeons of Doom on dungeon level 6 with 851 points, and 45 pieces of gold, after 1852 moves. You were level 7 with a maximum of 44 hit points when you died.